 Dungeon Crawl Stone Soup version 0.30-a0-322-g102857c98e (webtiles) character file.

Game seed: 18432816537310200144

142 lunkers the Cutter (level 5, 0/41 HPs)
             Began as a Meteoran Reaver on Oct 27, 2022.
             Slain by an iron imp (1 damage)
             ... on level 3 of the Dungeon.
             The game lasted 00:04:05 (1026 turns).

lunkers the Cutter (Meteoran Reaver)                Turns: 1026, Time: 00:04:05

Health: 0/41       AC:  3    Str: 13    XL:     5   Next: 79%
Magic:  10/10      EV: 12    Int: 17    God:
Gold:   126        SH:  0    Dex: 20    Spells: 8/9 levels left

rFire   x . .      SeeInvis .    n - +4 mace of War {speed, rElec rF- rC- Dex+8}
rCold   x . .      Faith    .    (no shield)
rNeg    . . .      Spirit   .    b - +0 leather armour
rPois   .          Reflect  .    (no helmet)
rElec   +          Harm     .    (no cloak)
rCorr   .          Rampage  .    (no gloves)
Will    .....                    (no boots)
Stlth   +.........               (no amulet)
HPRegen 0.26/turn                (no ring)
MPRegen 0.12/turn                (no ring)

@: glowing
A: sense surroundings 1, otherworldly, glowing, explore regen
a: no special abilities


You were on level 3 of the Dungeon.
You visited 1 branch of the dungeon, and saw 3 of its levels.

You collected 126 gold pieces.

Inventory:

Hand Weapons
 a - a +0 short sword
 n - the +4 mace of War (weapon) {speed, rElec rF- rC- Dex+8}
   (You found it on level 3 of the Dungeon)

   Attacks with this weapon are significantly faster.
   Dex:       It affects your dexterity (+8).
   rF:        It makes you vulnerable to fire.
   rC:        It makes you vulnerable to cold.
   rElec:     It insulates you from electricity.
Armour
 b - a +0 leather armour (worn)
 p - a +0 kite shield
Scrolls
 c - a scroll of silence {unknown}
 f - a scroll of brand weapon {unknown}
 h - a scroll of teleportation {unknown}
 i - 2 scrolls of vulnerability {unknown}
 j - a scroll of butterflies {unknown}
 k - a scroll of enchant weapon {unknown}
 m - a scroll of magic mapping {unknown}
 o - 2 scrolls of identify {unknown}
Potions
 d - 2 potions of lignification {unknown}
 e - a potion of magic {unknown}
 g - 4 potions of curing {unknown}
 l - a potion of brilliance {unknown}


   Skills:
 - Level 2.1 Fighting
 - Level 6.0 Short Blades
 + Level 2.2 Maces & Flails
 - Level 2.4 Dodging
 - Level 2.6 Spellcasting
 - Level 3.6 Conjurations


You had 8 spell levels left.
You knew the following spells:

 Your Spells              Type           Power      Damage    Failure   Level
p - Kiss of Death         Conj/Necr      32%        2d7       11%         1

Your spell library contained the following spells:

 Spells                   Type           Power      Damage    Failure   Level
 Momentum Strike          Conj/Tloc      16%        3d8       17%         2
 Hailstorm                Conj/Ice       8%         3d4       32%         3
 Cigotuvi's Dreadful Rot  Necr/Pois/Air  4%         N/A       34%         2
 Poisonous Vapours        Pois/Air       4%         N/A       34%         2
 Mephitic Cloud           Conj/Pois/Air  6%         N/A       38%         3


Dungeon Overview and Level Annotations

Branches:
Dungeon (3/15) Zot: 820

Altars:
Makhleb


Innate Abilities, Weirdness & Mutations

You passively map a small area around you.
You are easily found by Zot.
You glow in the dark.
You regain HP and MP as you explore.


Message History

You hit the iron imp.
The iron imp is moderately wounded.
The iron imp closely misses you.
You barely miss the iron imp.
The iron imp is moderately wounded.
The iron imp hits you but does no damage.
You sock the iron imp!
The iron imp is severely wounded.
The iron imp hits you!
* * * LOW HITPOINT WARNING * * *
You sock the iron imp!
You kill the iron imp!
Your life force feels restored.
Your Maces & Flails skill gained 2 levels and is now at level 2!
You hit the iron imp.
The iron imp is lightly wounded.
The iron imp misses you.
Unknown command.
You hit the iron imp but do no damage.
The iron imp is lightly wounded.
The iron imp hits you.
* * * LOW HITPOINT WARNING * * *
You hit the iron imp.
The iron imp is moderately wounded.
You hit the iron imp but do no damage.
The iron imp is moderately wounded.
The iron imp barely misses you.
You hit the iron imp.
The iron imp is severely wounded.
The iron imp hits you.
* * * LOW HITPOINT WARNING * * *
You barely miss the iron imp.
The iron imp is severely wounded.
You hit the iron imp.
The iron imp is severely wounded.
The iron imp completely misses you.
You hit the iron imp.
The iron imp is almost dead.
The iron imp hits you.
You die...

* , , , , ... ,
,.........
,......... ,
........ , , *
,,....... ,
#############.....
**
#.§§..............
#@§§≈.............
#5≈§≈§............
#§.!.≈≈...........
#....?≈≈..........
#.....≈≈.....#.###
#.._...8≈....#.#
#.....≈≈.....#.#
#.....§≈.....#.#
....≈≈........#


You could see an iron imp.

Vanquished Creatures
  2 iron imps (D:3)
  Terence (D:3)
  2 adders
  A worm (D:2)
  A dart slug (D:1)
  6 ball pythons
  2 bats
  An endoplasm (D:2)
  4 giant cockroaches
  4 goblins
  7 hobgoblins
  A quokka (D:1)
  2 frilled lizards
  A kobold (D:2)
  3 rats
38 creatures vanquished.

Vanquished Creatures (others)
  2 plants (D:1)
2 creatures vanquished.

Grand Total: 40 creatures vanquished

Notes
Turn   | Place    | Note
-------+----------+-------------------------------------------
     0 | D:1      | lunkers the Meteoran Reaver began the quest for the Orb.
     0 | D:1      | Reached XP level 1. HP: 17/17 MP: 5/5
   113 | D:1      | Reached XP level 2. HP: 20/24 MP: 6/6
   140 | D:1      | Reached skill level 4 in Short Blades
   360 | D:1      | Reached XP level 3. HP: 10/24 MP: 6/8
   662 | D:2      | Reached XP level 4. HP: 32/33 MP: 9/9
   765 | D:2      | Reached skill level 5 in Short Blades
   847 | D:3      | Identified the +4 mace of War {speed, rElec rF- rC- Dex+8}
   951 | D:3      | Noticed Terence
   976 | D:3      | Killed Terence
   977 | D:3      | Reached XP level 5. HP: 24/36 MP: 8/10
   991 | D:3      | Found a burning altar of Makhleb.
  1013 | D:3      | Reached skill level 6 in Short Blades
  1020 | D:3      | HP: 2/41 [iron imp (3)]
  1026 | D:3      | Slain by an iron imp

Illustrated notes

Levels and vault maps discovered:
D:1:      dpeg_arrival_rooms_a, layout_rooms, hex_medium, serial_bayou_lagoon_a
D:2:      layout_basic
D:3:      layout_basic, demons_altar, serial_forest, infiniplex_forest_corner_1,
          infiniplex_forest_corner_1, infiniplex_forest_clump_tiny,
          infiniplex_forest_end_2, infiniplex_forest_fountain,
          infiniplex_forest_lined_room_2, infiniplex_forest_lined_2,
          uniq_terence

Skill      XL: |  1  2  3  4  5 |
---------------+----------------+-----
Short Blades   | 4 5 6 |  6.0
Maces & Flails | 2 |  2.2
Fighting       | |  2.1
Dodging        | |  2.4
Spellcasting   | |  2.6
Conjurations   | |  3.6

Action                   |  1- 3 |  4- 6 || total
-------------------------+-------+-------++-------
Melee: Short sword       |   140 |    57 ||   197
       Punch             |     1 |     1 ||     2
       Mace              |       |    29 ||    29
 Cast: Kiss of Death     |     2 |     1 ||     3
Armor: Leather armour    |    33 |    14 ||    47
Dodge: Dodged            |    61 |    27 ||    88

Table legend: (Time is in decaauts)
 A = Elapsed time spent in this place.
 B = Non-inter-level travel time spent in this place.
 C = Inter-level travel time spent in this place.
 D = Time resting spent in this place.
 E = Time spent auto-exploring this place.
 F = Levels seen in this place.
 G = Mean time per level.
                   A        B        C        D        E       F      G
               +--------+--------+--------+--------+--------+-----+--------+
         Total |    978 |    936 |     42 |      0 |    536 |   3 |  326.0 |
       Dungeon |    978 |    936 |     42 |      0 |    536 |   3 |  326.0 |
               +--------+--------+--------+--------+--------+-----+--------+

Top non-repeatable levels by time:
     D:1: 408 daAuts
     D:2: 379 daAuts
     D:3: 189 daAuts
